AoeStats
← Wgonzalez079389

Coastal Forest

510478124Analyzed
4v4 RM · 18h ago on Oct 1, 2026· 52m 50s· 8 players
Game mode
Random Map
Map size
Large (8 player)
Population
200
Speed
Normal
Resources
Standard
Victory
Conquest
Starting age
Dark Age
Ending age
Imperial Age
RankedLock teamsTeams togetherTeam positionsShared explorationLock speedFull tech treeHidden civsTurbo modeCheats
Victory
Defeat
🇺🇸 Chinese · United States
1166
+10
🇲🇽 Spanish · Mexico
1111
+12
🇯🇵 Varangians · Japan
1106
+13
🇺🇸 Slavs · United States
1099
+13
🇳🇮 Vietnamese · Nicaragua
1062
-13
🇺🇸 Khmer · United States
1048
-12
🇹🇼 Franks · Taiwan
1021
-12
1004
-11
humbertoliva
11:46 Feudal Age
10:03 Loom
17:04 Castle Age
28:40 Wheelbarrow
27:48 Horse Collar
27:55 Double-Bit Axe
30:08 Hand Cart
33:50 Imperial Age
31:50 Bow Saw
33:57 Fishing Lines
35:50 Chemistry
35:34 Pikeman
36:15 Squires
36:08 Gold Mining
38:34 Two-Man Saw
37:38 Heavy Plow
41:02 Halberdier
43:48 Elite Skirmisher
49:58 Forging
49:49 Scale Mail Armor
49:54 Scale Barding Armor
49:50 Padded Archer Armor
52:29 Iron Casting
52:09 Chain Mail Armor
52:15 Chain Barding Armor
52:11 Leather Archer Armor
51:46 Fletching
Hieronymous Bosch
7:13 Loom
10:26 Feudal Age
14:01 Forging
18:57 Castle Age
17:13 Double-Bit Axe
20:39 Bow Saw
20:12 Horse Collar
24:51 Town Watch
26:21 Wheelbarrow
26:28 Heavy Plow
27:19 Stone Mining
29:42 Gold Mining
32:43 Imperial Age
32:04 Scale Mail Armor
32:40 Iron Casting
32:45 Hand Cart
32:34 Town Patrol
33:09 Heavy Scorpion
35:48 Chemistry
35:09 Ballistics
34:43 Man-at-Arms
35:24 Squires
35:42 Chain Mail Armor
37:51 Two-Man Saw
37:08 Capped Ram
39:01 Conscription
38:03 Long Swordsman
38:13 Siege Ram
39:30 Detinets
39:31 Druzhina
39:07 Two-Handed Swordsman
39:51 Fletching
40:43 Gold Shaft Mining
40:30 Champion
41:40 Bodkin Arrow
43:09 Blast Furnace
42:40 Plate Mail Armor
46:06 Hoardings
48:44 Bloodlines
47:54 Light Cavalry
48:35 Husbandry
49:15 Padded Archer Armor
49:21 Scale Barding Armor
50:27 Hussar
Nortrom Antivirus
0:34 Loom
11:29 Feudal Age
19:06 Castle Age
18:45 Horse Collar
18:53 Double-Bit Axe
19:16 Pikeman
21:11 Scale Mail Armor
27:23 Chain Mail Armor
29:36 Forging
30:51 Heavy Plow
31:04 Bow Saw
36:59 Imperial Age
37:01 Gold Mining
37:02 Stone Mining
37:51 Wheelbarrow
39:38 Squires
39:23 Arson
40:17 Iron Casting
42:29 Chemistry
42:33 Plate Mail Armor
43:04 Blast Furnace
43:15 Halberdier
44:14 Heavy Rocket Cart
49:04 Rocketry
51:39 Elite Fire Lancer
Tamejirou
7:03 Loom
10:31 Feudal Age
15:01 Castle Age
13:45 Horse Collar
13:52 Double-Bit Axe
16:02 Bow Saw
19:13 Fishing Lines
20:59 Wheelbarrow
21:28 Gillnets
23:18 Hand Cart
22:48 Town Watch
24:36 Heavy Plow
28:37 Imperial Age
27:46 Scale Barding Armor
27:51 Forging
27:42 Padded Archer Armor
27:33 Fletching
27:57 Gold Mining
27:57 Stone Mining
28:44 Ballistics
29:55 Iron Casting
29:40 Chain Barding Armor
29:23 Husbandry
29:41 Bloodlines
29:01 Cranequins
30:19 Conscription
31:29 Heavy Mounted Crossbowman
35:59 Stone Shaft Mining
34:54 Elite Jarl
36:10 Bodkin Arrow
36:32 Leather Archer Armor
37:30 Chemistry
39:16 Bracer
39:52 Plate Barding Armor
40:18 Blast Furnace
39:48 Ring Archer Armor
43:13 Vendel Legacy
43:19 Cavalier
43:20 Light Cavalry
46:43 Hussar
48:44 Siege Engineers
48:35 Murder Holes
48:21 Treadmill Crane
48:51 Masonry
MYTH NICAZ
10:03 Feudal Age
14:22 Bloodlines
16:03 Double-Bit Axe
16:01 Horse Collar
20:54 Castle Age
18:54 Gold Mining
22:16 Wheelbarrow
21:52 Bow Saw
21:44 Heavy Plow
22:20 Gold Shaft Mining
23:21 Hand Cart
27:47 Imperial Age
26:01 Loom
27:11 Town Watch
27:56 Stone Mining
29:16 Crop Rotation
29:58 Heavy Scorpion
34:59 Onager
37:26 Stone Shaft Mining
37:33 Light Cavalry
38:14 Husbandry
43:12 Double Crossbow
45:02 Siege Engineers
45:58 Chemistry
44:47 Hussar
45:34 Scale Barding Armor
45:40 Forging
46:38 Conscription
48:01 Chain Barding Armor
48:17 Iron Casting
52:23 Plate Barding Armor
52:50 Blast Furnace
[HDAO] Adrian el del eich
15:14 Feudal Age
14:35 Loom
18:58 Castle Age
17:09 Double-Bit Axe
17:20 Gold Mining
17:17 Horse Collar
18:52 Wheelbarrow
19:39 Heavy Plow
19:57 Bow Saw
21:14 Hand Cart
21:23 Scale Mail Armor
21:33 Forging
21:11 Arson
29:04 Chain Mail Armor
29:24 Iron Casting
31:58 Ironclad
37:29 Imperial Age
37:13 Scale Barding Armor
37:11 Elite Skirmisher
38:04 Bloodlines
38:35 Conscription
37:39 Cavalier
39:29 Imperial Skirmisher
40:32 Fletching
40:59 Onager
42:19 Bodkin Arrow
44:40 Siege Engineers
47:29 Chemistry
47:06 Siege Onager
Wgonzalez079389
1:29 Loom
11:16 Feudal Age
11:51 Double-Bit Axe
22:18 Castle Age
22:27 Horse Collar
22:38 Fletching
22:59 Forging
23:59 Bow Saw
25:00 Wheelbarrow
24:27 Heavy Plow
27:00 Hand Cart
32:11 Imperial Age
30:25 Bodkin Arrow
30:32 Padded Archer Armor
31:50 Elite Skirmisher
33:18 Imperial Skirmisher
33:20 Heavy Cavalry Archer
35:03 Scale Mail Armor
35:04 Bracer
36:01 Chain Mail Armor
36:39 Iron Casting
38:40 Chemistry
37:25 Treadmill Crane
37:51 Onager
39:55 Leather Archer Armor
40:09 Thumb Ring
40:46 Plate Mail Armor
42:28 Murder Holes
42:56 Ballistics
42:48 Fortified Wall
43:14 Stone Mining
43:15 Gold Mining
45:04 Paper Money
46:40 Ring Archer Armor
46:17 Siege Engineers
46:23 Masonry
49:08 Husbandry
49:21 Elite Battle Elephant
50:13 Scale Barding Armor
51:15 Light Cavalry
51:35 Pikeman
52:54 Bloodlines
52:49 Capped Ram
mengb65
8:15 Loom
10:43 Feudal Age
11:49 Double-Bit Axe
18:40 Castle Age
21:34 Wheelbarrow
21:23 Gold Mining
21:20 Fishing Lines
28:11 Scale Barding Armor
28:37 Husbandry
28:50 Forging
28:56 Stone Mining
31:50 Imperial Age
30:47 Town Watch
32:00 Hand Cart
31:31 Town Watch
32:46 Chain Barding Armor
34:05 Plate Barding Armor
33:58 Cavalier
37:55 Bow Saw
38:22 Gold Shaft Mining
37:52 Paladin
40:18 Iron Casting
41:30 Conscription
42:28 Blast Furnace
43:53 Chemistry
42:59 Siege Engineers
48:41 Fletching
52:15 Light Cavalry
Connection lost

Rejoining the realm…

Still unreachable

The connection could not be restored.

Session expired

The server has moved on; the page needs a fresh start.